 Dungeon Crawl Stone Soup version 0.25-a0-875-geaba134f46 (webtiles) character file.

Game seed: 7362926299900193733, levelgen mode: deterministic

336 Esekla the Conjurer (level 6, -10/45 HPs)
             Began as a Formicid Conjurer on May 1, 2020.
             Mangled by Edmund
             ... wielding a +4 vorpal dire flail
              (12 damage)
             ... on level 4 of the Dungeon on May 2, 2020.
             The game lasted 00:28:52 (4931 turns).

Esekla the Conjurer (Formicid Conjurer)             Turns: 4931, Time: 00:28:52

Health: -10/45     AC:  4    Str: 12    XL:     6   Next: 84%
Magic:  2/11       EV: 12    Int: 17    God:
Gold:   106        SH:  0    Dex: 11    Spells: 6/12 levels left

rFire    . . .     SeeInvis +   p - +2 scythe (protect)
rCold    . . .     Gourm    .   (no shield)
rNeg     . . .     Faith    .   b - +0 leather armour
rPois    .         Spirit   .   (helmet unavailable)
rElec    .         Reflect  .   i - +0 cloak
rCorr    .         Harm     .   (no gloves)
MR       .....                  (no boots)
Stlth    ++........             (no amulet)
HPRegen  0.15/turn              (no ring)
MPRegen  0.12/turn              (no ring)

@: no status effects
A: permanent stasis, dig shafts and tunnels, four strong arms, antennae 3
a: Dig, Shaft Self


You were on level 4 of the Dungeon.
You were hungry.

You visited 1 branch of the dungeon, and saw 4 of its levels.

You collected 106 gold pieces.

Inventory:

Hand Weapons
 e - a +2 dagger of flaming
 p - a +2 scythe of protection (weapon)
Missiles
 g - a silver javelin (quivered)
 o - 4 boomerangs
Armour
 a - a +0 robe
 b - a +0 leather armour (worn)
 i - a +0 cloak (worn)
Scrolls
 d - a scroll of fear {unknown}
 j - a scroll of enchant weapon {unknown}
 k - a scroll of enchant armour {unknown}
 n - a scroll of blinking {unknown}
Potions
 f - a potion of ambrosia {unknown}
 h - a potion of degeneration {unknown}
 l - a potion of stabbing {unknown}
 m - a potion of lignification {unknown}
Comestibles
 c - 6 rations


   Skills:
 * Level 2.3 Fighting
 + Level 1.7 Short Blades
 + Level 1.1 Armour
 + Level 2.6 Dodging
 - Level 2.4 Stealth
 * Level 3.9 Spellcasting
 + Level 4.5 Conjurations
 * Level 2.1 Hexes


You had 6 spell levels left.
You knew the following spells:

 Your Spells              Type           Power        Failure   Level  Hunger
a - Magic Dart            Conj           ###.         3%          1    None
d - Dazzling Flash        Conj/Hex       ##....       16%         3    ###....
e - Searing Ray           Conj           ###...       4%          2    ##.....

Your spell library contained the following spells:

 Spells                   Type           Power        Failure   Level  Hunger
 Fulminant Prism          Conj/Hex       ##........   45%         4    ####...
 Iskenderun's Mystic Bla  Conj/Tloc      ##......     63%         4    ####...


Dungeon Overview and Level Annotations

Branches:
Dungeon (4/15)
 Temple: D:4-7

Altars:
Cheibriados
Fedhas
Uskayaw
Yredelemnul
Zin

Annotations:
D:4 Edmund


Innate Abilities, Weirdness & Mutations

You cannot be hasted, slowed, berserked, paralysed or teleported.
You can dig through walls and to a lower floor.
Your four strong arms can wield two-handed weapons with a shield.
You have a pair of large antennae on your head. (SInv)


Message History

Edmund is severely wounded.
Edmund barely misses you.
The searing ray hits Edmund.
Edmund is severely wounded.
You finish channeling your searing ray.
Edmund hits you with a +4 vorpal dire flail.
You hit Edmund.
Your weapon exudes an aura of protection.
Edmund is severely wounded.
Edmund closely misses you.
You closely miss Edmund.
Edmund is severely wounded.
Edmund hits you with a +4 vorpal dire flail! x2
* * * LOW HITPOINT WARNING * * *
You barely miss Edmund.
Edmund is severely wounded.
Edmund hits you with a +4 vorpal dire flail!
* * * LOW HITPOINT WARNING * * *
x2 Edmund hits you with a +4 vorpal dire flail!
You die...

########
#......#
#.####[##
#@#.....#
#@#.##..#
#......#<..#
#........#.#
............#
#....>........
#...$#......#.#
#....#...#..#.#
#....#+###.##.#
...


You could see Edmund.

Vanquished Creatures
  Sigmund (D:2)
  An orc priest (D:3)
  An orc wizard (D:3)
  3 gnolls (D:2)
  3 adders (D:2)
  An ooze (D:3)
  2 dart slugs (D:2)
  A leopard gecko (D:2)
  6 orcs (D:3)
  7 giant cockroaches
  2 gnoll zombies (D:3)
  4 hobgoblins
  4 jackals
  6 kobolds
  2 ball pythons (D:3)
  5 bats
  4 frilled lizards
  6 goblins
  5 rats
64 creatures vanquished.

Notes
Turn   | Place    | Note
-------+----------+-------------------------------------------
     0 | D:1      | Esekla the Formicid Conjurer began the quest for the Orb.
     0 | D:1      | Reached XP level 1. HP: 13/13 MP: 3/3
    45 | D:2      | Noticed Sigmund
  1551 | D:2      | Reached XP level 2. HP: 19/19 MP: 3/5
  1778 | D:1      | Learned a level 2 spell: Searing Ray
  2386 | D:1      | Reached skill level 4 in Conjurations
  2639 | D:2      | Reached XP level 3. HP: 15/25 MP: 1/6
  2977 | D:2      | Learned a level 3 spell: Dazzling Flash
  3006 | D:2      | Reached skill level 1 in Fighting
  3006 | D:2      | Reached XP level 4. HP: 18/32 MP: 3/8
  3265 | D:3      | Found a glowing silver altar of Zin.
  3631 | D:3      | Found a snail-covered altar of Cheibriados.
  3768 | D:3      | Found a blossoming altar of Fedhas.
  3790 | D:3      | Found a hide-covered altar of Uskayaw.
  3973 | D:3      | Reached XP level 5. HP: 36/38 MP: 9/9
  4028 | D:3      | Reached skill level 1 in Hexes
  4029 | D:3      | Reached skill level 1 in Short Blades
  4292 | D:3      | Found a basalt altar of Yredelemnul.
  4796 | D:2      | Killed Sigmund
  4796 | D:2      | Reached skill level 1 in Armour
  4796 | D:2      | Reached XP level 6. HP: 45/45 MP: 4/11
  4905 | D:4      | Noticed Edmund
  4931 | D:4      | HP: 2/45 [Edmund/+4 vorpal dire flail (3)]
  4931 | D:4      | Mangled by Edmund

Levels and vault maps discovered:
D:1:      wander_arrival_lonely_grave, layout_basic, corexii_corridor_pit,
          minmay_misc_feat_rows
D:2:      layout_loops_cross, uniq_sigmund
D:3:      cheibrodos_pilgrimage, layout_basic, eat_drink_and_be_merry_uskayaw,
          lemuel_zombie_altar_yredelemnul, zin_statuary,
          lemuel_coloured_pillars_altar, cheibriados_altar_1,
          hangedman_decor_points
D:4:      layout_basic, serial_shops, kennysheep_mini_moat, uniq_ijyb,
          uniq_edmund

Skill      XL: |  1  2  3  4  5 |
---------------+----------------+-----
Conjurations   | 4 |  4.5
Dodging        | 2 |  2.6
Fighting       | 1 2 |  2.3
Spellcasting   | 3 |  3.9
Hexes          | 2 |  2.1
Short Blades   | 1 |  1.7
Armour         | 1 |  1.1
Stealth        | |  2.4

Action                   |  1- 3 |  4- 6 || total
-------------------------+-------+-------++-------
Melee: Dagger            |    33 |    68 ||   101
       Scythe            |       |     4 ||     4
Throw: Javelin           |       |     1 ||     1
 Cast: Magic Dart        |    27 |    14 ||    41
       Searing Ray       |     6 |    14 ||    20
 Stab: Sleeping          |     2 |     2 ||     4
  Eat: Chunk             |     6 |     7 ||    13
Armor: Robe              |     3 |     4 ||     7
       Leather armour    |       |    11 ||    11
Dodge: Dodged            |    17 |    52 ||    69

Table legend:
 A = Non-vault XP
 B = Vault XP
 C = Vault XP percentage of total XP
 D = Non-vault monster count
 E = Vault monster count
 F = Vault count percentage of total count
                 A         B        C        D         E       F
            +---------+---------+-------+---------+---------+-------
      Total |     200 |     281 |  58.4 |      55 |       9 |  14.1
            +---------+---------+-------+---------+---------+-------
        D:1 |      23 |       0 |   0.0 |      15 |       0 |   0.0
        D:2 |     110 |     220 |  66.7 |      23 |       1 |   4.2
        D:3 |      67 |      61 |  47.7 |      17 |       8 |  32.0
            +---------+---------+-------+---------+---------+-------
